 Dungeon Crawl Stone Soup version 0.21-a0-278-ga722497 (webtiles) character file.

21 motkurip the Chopper (level 2, 0/18 HPs)
             Began as a Gargoyle Gladiator on Sept 21, 2017.
             Slain by Natasha (3 damage)
             ... on level 2 of the Dungeon.
             The game lasted 00:01:28 (430 turns).

motkurip the Chopper (Gargoyle Gladiator)            Turns: 430, Time: 00:01:28

Health: 0/18       AC:  8    Str: 17    XL:     2   Next: 83%
Magic:  2/2        EV: 11    Int:  8    God:
Gold:   79         SH:  0    Dex: 11    Spells: 1/1 levels left

rFire    . . .     SeeInvis .   a - +0 war axe
rCold    . . .     Gourm    .   (no shield)
rNeg     + . .     Faith    .   e - +0 ring mail
rPois    ∞         Spirit   .   c - +0 helmet
rElec    +         Reflect  .   (no cloak)
rCorr    .         Harm     .   (no gloves)
MR       .....                  (no boots)
Stlth    +.........             (no amulet)
HPRegen  0.06/turn              (no ring)
MPRegen  0.08/turn              (no ring)

@: slowed, very slow
A: negative energy resistance 1, electricity resistance, unbreathing,
petrification resistance, rot immunity, AC +2
a: no special abilities


You were on level 2 of the Dungeon.
You were not hungry.

You visited 1 branch of the dungeon, and saw 2 of its levels.

You collected 79 gold pieces.

Inventory:

Hand Weapons
 a - a +0 war axe (weapon)
Missiles
 d - 3 throwing nets (quivered)
Armour
 b - a +0 leather armour
 c - a +0 helmet (worn)
 e - a +0 ring mail (worn)
Scrolls
 g - a scroll of teleportation {unknown}
 k - a scroll of magic mapping {unknown}
Potions
 i - a potion of flight {unknown}
 j - a potion of heal wounds {unknown}
 l - a potion of might {unknown}
Comestibles
 f - 2 bread rations
 h - 3 fruits


   Skills:
 + Level 2.5 Fighting
 * Level 3.3 Axes
 + Level 2.0 Throwing
 - Level 2.4 Dodging


You had one spell level left.
You didn't know any spells.

Dungeon Overview and Level Annotations

Branches:
Dungeon (2/15)

Altars:
Hepliaklqana

Annotations:
D:2 Natasha


Innate Abilities, Weirdness & Mutations

You are resistant to torment.
Your stone body is resilient. (AC +2)
You are immune to poison.
You resist negative energy. (rN+)
You are resistant to electric shocks. (rElec)
You can survive without breathing.
You are immune to petrification.
You are immune to rotting.


Message History

You barely miss Natasha.
Natasha is moderately wounded.
You miss the bat. You slash the rat!
You kill the rat!
The bat hits you but does no damage. Natasha casts a spell at you.
You feel yourself slow down.
Okay, then.
You closely miss Natasha.
Natasha is moderately wounded.
The bat barely misses you.
Natasha stares at you and mumbles some strange words.
The magic dart hits you!
* * * LOW HITPOINT WARNING * * *
Natasha closely misses you.
You closely miss Natasha.
Natasha is moderately wounded.
You barely miss the bat. The bat barely misses you. Natasha closely misses you.
Natasha claws you.
You die...

#...........
#...........
#...........
#...........
#...........
#...........
#######
#...†h......
.......
#...@..$....
#######
#...........
#....
#.###b......
#.##.
#.#############
#.#<†
#..<..........#
#.#..
#############.#
#.#.. #.# #.#..
#.# #w#.. #.#
#.##.


You could see Natasha and a bat.

Vanquished Creatures
  A worm (D:2)
  A giant cockroach (D:1)
  2 goblins (D:1)
  A hobgoblin (D:1)
  A bat (D:1)
  A frilled lizard (D:1)
  4 kobolds (D:1)
  9 rats
20 creatures vanquished.

Notes
Turn   | Place    | Note
-------+----------+-------------------------------------------
     0 | D:1      | motkurip the Gargoyle Gladiator began the quest for the Orb.
     0 | D:1      | Reached XP level 1. HP: 12/12 MP: 1/1
    68 | D:1      | Reached skill level 3 in Axes
    70 | D:1      | Reached XP level 2. HP: 15/18 MP: 2/2
   337 | D:2      | Found a hazy altar of Hepliaklqana.
   419 | D:2      | Noticed Natasha
   430 | D:2      | Slain by Natasha

Vault maps used:
D:1:      onia_arrival_larder
D:2:      old_standard_altar, lemuel_coloured_pillars_altar,
          fedhas_altar_fruit_tree, uniq_sigmund, uniq_natasha

Skill      XL: |  1  2 |
---------------+-------+-----
Axes           | 3 |  3.3
Throwing       | 2 |  2.0
Fighting       | |  2.5
Dodging        | |  2.4

Action                   || total
-------------------------++-------
Melee: War axe           ||    40
Armor: Leather armour    ||     8
       Ring mail         ||    14
Dodge: Dodged            ||    35

Table legend:
 A = Spawn XP
 B = Non-spawn XP
 C = Spawn XP percentage of total XP
 D = Spawn monster count
 E = Non-spawn monster count
 F = Spawn count percentage of total count
 G = Total turns spent on level
                    A         B        C        D         E        F      G
               +---------+---------+-------+---------+---------+-------+---------
         Total |       0 |      30 |   0.0 |       0 |      20 |   0.0 |   430
               +---------+---------+-------+---------+---------+-------+---------
           D:1 |       0 |      24 |   0.0 |       0 |      18 |   0.0 |   328
           D:2 |       0 |       6 |   0.0 |       0 |       2 |   0.0 |   102
               +---------+---------+-------+---------+---------+-------+---------
